 Dungeon Crawl Stone Soup version 0.20.0-4-g10b340a (webtiles) character file.

1222 Chiseanne the Ducker (level 8, 0/72 HPs)
             Began as a Deep Elf Arcane Marksman on May 28, 2017.
             Slain by a killer bee (4 damage)
             ... on level 7 of the Dungeon.
             The game lasted 00:16:51 (9016 turns).

Chiseanne the Ducker (Deep Elf Arcane Marksman)     Turns: 9016, Time: 00:16:51

Health: 0/72       AC: 24    Str:  9    XL:     8   Next: 23%
Magic:  12/12      EV:  2    Int: 19    God:
Gold:   276        SH:  2    Dex: 15    Spells: 9/10 levels left

rFire    . . .     SeeInvis .   c - +2 dagger (venom)
rCold    . . .     Gourm    .   (no shield)
rNeg     + + +     Faith    .   (armour currently unavailable)
rPois    +         Spirit   .   (helmet currently unavailable)
rElec    .         Reflect  +   (cloak currently unavailable)
rCorr    .         Harm     .   (gloves currently unavailable)
MR       .....     NoTele   +   (boots currently unavailable)
Stlth    +.........             j - +2 amulet of reflection
Regen    0.3/turn               (no ring)
MPRegen  0.2/turn               (no ring)

@: tree-form, hasted, very quick
A: no striking features
a: no special abilities


You were on level 7 of the Dungeon.
You were not hungry.
You were a tree.
You visited 1 branch of the dungeon, and saw 7 of its levels.

You collected 276 gold pieces.

Inventory:

Hand Weapons
 a - a +4 hand axe
 c - a +2 dagger of venom (weapon)
 d - a +1 flail of holy wrath
 s - a +2 mace of protection
Missiles
 h - 14 bolts
 k - 71 arrows
 n - 10 tomahawks
 o - 4 tomahawks of dispersal
 t - 23 sling bullets
 y - a javelin (quivered)
Armour
 i - a cursed +1 cloak (melded)
 p - a cursed +0 scale mail (melded)
 D - a +0 large shield
Magical Staves
 v - an uncursed staff of conjuration {unknown}
Jewellery
 j - a +2 amulet of reflection (around neck)
Wands
 B - a wand of disintegration (0/24)
 C - a wand of scattershot (0/9)
Scrolls
 e - 2 scrolls of remove curse
 q - 2 scrolls of immolation
 u - 3 scrolls of identify
 x - 3 scrolls of amnesia
Potions
 l - a potion of haste
 E - 2 potions of agility {unknown}
Books
 b - a book of Debilitation

   Spells                             Type                      Level
   a - Corona                         Hexes                        1
   b - Slow                           Hexes                        2
   c - Inner Flame                    Hexes/Fire                   3
   d - Portal Projectile              Hexes/Translocation          3
   e - Cause Fear                     Hexes                        4
   f - Leda's Liquefaction            Hexes/Earth                  4
Comestibles
 f - 5 bread rations
 g - 4 meat rations
 A - a fruit


   Skills:
 * Level 4.0 Fighting
 - Level 4.3 Throwing
 * Level 3.8 Armour
 * Level 6.4 Dodging
 - Level 1.5 Spellcasting
 - Level 4.0 Hexes
 * Level 3.0 Evocations


You had 9 spell levels left.
You knew the following spells:

 Your Spells              Type           Power        Failure   Level  Hunger
a - Corona                Hex            ###....      3%          1    ##.....


Dungeon Overview and Level Annotations

Branches:
Dungeon (7/15)             Temple (0/1) D:7

Altars:
Fedhas
Nemelex Xobeh

Annotations:
D:5 Manul's ghost, novice OpAs


Message History

You miss the killer bee.
The killer bee stings you but does no damage.
You feel better.
The killer bee stings you but does no damage.
The orc warrior hits you with a halberd!
* * * LOW HITPOINT WARNING * * *
The killer bee stings you but does no damage.
You feel better.
The killer bee stings you but does no damage.
You hit the orc warrior but do no damage.
The orc warrior looks as sick as possible!
The orc warrior is moderately wounded.
The killer bee stings you but does no damage.
You block the orc warrior's attack.
You barely miss the orc warrior.
The orc warrior is moderately wounded.
The killer bee stings you.
* * * LOW HITPOINT WARNING * * *
The killer bee stings you.
You die...

*,*#..,**,,,,,,+,,,,,
*,,...***,,,,,,*****,
***#.#* **,,,,,* *, #r#
*,,,,,* *, #y# *,,,,,* *,
#y# *,,,,,* *, #y# *,,,,,*
*, #y# ******* *, #♣# *, #o#
*, #o# #. #5# #. #)# #. #.#
#. #[# #. #)# ##.
*****######)##############..


You could see an orc warrior, 4 killer bees, a crimson imp, an orc and a quokka.

Vanquished Creatures
  Prince Ribbit (D:7)
  An ogre (D:5)
  A bullfrog (D:5)
  A scorpion (D:7)
  A killer bee (D:7)
  A howler monkey (D:5)
  2 crimson imps (D:5)
  A centaur skeleton (D:5)
  3 orc priests (D:7)
  A hound (D:4)
  2 bullfrog skeletons (D:4)
  Jessica (D:3)
  An iguana (D:4)
  An orc wizard (D:7)
  4 worker ants
  6 adders
  11 gnolls
  3 oozes
  2 adder zombies
  An adder skeleton (D:5)
  2 worms (D:2)
  A dart slug (D:1)
  4 leopard geckos
  20 orcs
  A ball python (D:3)
  12 bats
  2 giant cockroaches
  6 hobgoblins
  6 jackals (D:7)
  4 quokkas
  7 frilled lizards
  7 goblins
  A jackal skeleton (D:4)
  10 kobolds
  A leopard gecko zombie (D:1)
  7 rats
136 creatures vanquished.

Notes
Turn   | Place    | Note
-------+----------+-------------------------------------------
     0 | D:1      | Chiseanne the Deep Elf Arcane Marksman began the quest for the Orb.
     0 | D:1      | Reached XP level 1. HP: 11/11 MP: 5/5
   145 | D:1      | Reached skill level 1 in Fighting
   428 | D:1      | Reached XP level 2. HP: 16/16 MP: 6/6
  1272 | D:1      | Reached skill level 3 in Dodging
  1508 | D:2      | Reached XP level 3. HP: 20/20 MP: 7/7
  1584 | D:2      | Reached skill level 1 in Armour
  2134 | D:2      | Found a sparkling altar of Nemelex Xobeh.
  2422 | D:2      | Reached XP level 4. HP: 15/26 MP: 8/8
  3163 | D:2      | Reached XP level 5. HP: 25/30 MP: 9/9
  3231 | D:2      | Reached skill level 4 in Dodging
  3854 | D:3      | Noticed Jessica
  3861 | D:3      | Killed Jessica
  4797 | D:4      | Reached XP level 6. HP: 28/36 MP: 10/10
  6472 | D:5      | Entered Level 5 of the Dungeon
  6497 | D:5      | Reached skill level 5 in Dodging
  6870 | D:5      | Reached XP level 7. HP: 35/40 MP: 11/11
  6908 | D:5      | Found a blossoming altar of Fedhas.
  6918 | D:5      | Noticed Manul's ghost (novice OpAs)
  7542 | D:5      | Found a sparkling altar of Nemelex Xobeh.
  8037 | D:5      | Reached skill level 1 in Evocations
  8588 | D:7      | Noticed Prince Ribbit
  8591 | D:7      | Killed Prince Ribbit
  8591 | D:7      | Reached skill level 6 in Dodging
  8591 | D:7      | Reached XP level 8. HP: 48/48 MP: 12/12
  9011 | D:7      | HP: 2/72 [orc warrior/halberd (11)]
  9016 | D:7      | Slain by a killer bee

Skill      XL: |  1  2  3  4  5  6  7  8 |
---------------+-------------------------+-----
Fighting       | 1 2 3 4 |  4.0
Dodging        | 3 4 5 6 |  6.4
Armour         | 1 2 3 |  3.8
Throwing       | 3 4 |  4.3
Evocations     | 2 3 |  3.0
Spellcasting   | |  1.5
Hexes          | |  4.0

Action                   |  1- 3 |  4- 6 |  7- 9 || total
-------------------------+-------+-------+-------++-------
Melee: Club              |    14 |       |       ||    14
       Whip              |    90 |       |       ||    90
       Flail             |     3 |   109 |       ||   112
       Hand axe          |       |   154 |   159 ||   313
       Dagger            |       |       |    15 ||    15
Throw: Javelin           |    24 |     9 |     3 ||    36
       Tomahawk          |     3 |    21 |     4 ||    28
       Throwing net      |     2 |       |       ||     2
 Cast: Corona            |       |     1 |       ||     1
Evoke: Wand              |       |       |     6 ||     6
  Use: Scroll            |     6 |     5 |     4 ||    15
       Potion            |       |     4 |     7 ||    11
 Stab: Held in net/web   |     1 |       |       ||     1
  Eat: Chunk             |     3 |     9 |     8 ||    20
       Bread ration      |       |     1 |       ||     1
       Fruit             |       |     2 |       ||     2
Armor: Leather armour    |    11 |       |       ||    11
       Ring mail         |    36 |       |       ||    36
       Scale mail        |       |   136 |   104 ||   240
       Skin              |       |       |     7 ||     7
Dodge: Dodged            |    94 |   163 |   101 ||   358
Block: Other             |     7 |    26 |    13 ||    46
